 Dungeon Crawl Stone Soup version 0.25-b1-50-g7b83aa72e5 (webtiles) character file.

Game seed: 5098312404596393099

1479519 HungrySpirit the Formicid Blade (level 27, 203/211 HPs)
             Began as a Formicid Fighter on June 12, 2020.
             Escaped with the Orb
             ... and 3 runes!
             The game lasted 02:55:14 (86168 turns).

HungrySpirit the Formicid Blade (Formicid Fighter) Turns: 86168, Time: 02:55:14

Health: 203/211    AC: 38    Str: 33    XL:     27
Magic:  23/23      EV: 14    Int:  9    God:
Gold:   1536       SH: 16    Dex: 12    Spells: 26/26 levels left

rFire    + . .     SeeInvis +   j - +9 great sword (vorpal)
rCold    + . .     Gourm    .   R - +2 kite shield {reflect}
rNeg     . . .     Faith    .   T - +5 gold dragon scales
rPois    +         Spirit   .   (helmet unavailable)
rElec    .         Reflect  +   H - +1 cloak
rCorr    +         Harm     .   Q - +2 pair of gloves
MR       +++..     Clarity  +   L - +1 pair of boots
Stlth    ..........             G - amulet of regeneration
HPRegen  0.85/turn              r - ring of protection from magic
MPRegen  0.18/turn              c - ring "Nicuari" {rCorr Slay+3 Stlth+}

@: drained
A: permanent stasis, dig shafts and tunnels, four strong arms, antennae 3, claws
1, agile 1, clarity, frail 1
0: Orb of Zot
}: 3/15 runes: decaying, serpentine, slimy
a: Dig, Shaft Self


You escaped.
You were very full.

You visited 11 branches of the dungeon, and saw 53 of its levels.
You visited 1 bazaar.
You also visited: Gauntlet.

You collected 5361 gold pieces.
You spent 3825 gold pieces at shops.

Inventory:

Hand Weapons
 j - a +9 vorpal great sword (weapon)
 Z - a +1 great sword of flaming
Missiles
 v - 5 throwing nets (quivered)
Armour
 H - a +1 cloak (worn)
 L - a +1 pair of boots (worn)
 Q - a +2 pair of gloves (worn)
 R - a +2 kite shield of reflection (worn)
 T - +5 gold dragon scales (worn)
Jewellery
 b - an uncursed ring of fire
 c - the ring "Nicuari" (right hand) {rCorr Slay+3 Stlth+}
   (You bought it in a shop on level 4 of the Snake Pit)

   [ring of resist corrosion]

   It affects your accuracy and damage with ranged weapons and melee attacks
   (+3).
   It provides partial protection from all sources of acid and corrosion.
   It makes you more stealthy.
 d - the ring "Jeovigups" {rElec rC- Int+6 Slay+3}
   (You bought it in a shop on level 2 of the Elven Halls)

   [ring of intelligence]

   It affects your intelligence (+6).
   It affects your accuracy and damage with ranged weapons and melee attacks
   (+3).
   It makes you vulnerable to cold.
   It insulates you from electricity.
 r - a ring of protection from magic (left hand)
 x - an uncursed ring of positive energy
 D - an uncursed amulet of reflection
 G - an amulet of regeneration (around neck)
 M - an uncursed ring of protection from magic
 X - an uncursed ring of wizardry
Wands
 g - a wand of digging (11)
 h - a wand of iceblast (20)
 p - a wand of random effects (76)
 t - a wand of paralysis (17)
 w - a wand of polymorph (33)
 y - a wand of flame (86)
 A - a wand of disintegration (28)
 J - a wand of acid (11)
 N - a wand of clouds (3)
 V - a wand of enslavement (14)
Scrolls
 a - 3 scrolls of fog
 e - 29 scrolls of identify
 k - 14 scrolls of remove curse
 l - 4 scrolls of amnesia
 q - 4 scrolls of fear
 u - 5 scrolls of magic mapping
 B - 2 scrolls of holy word
 C - a scroll of silence
 S - 3 scrolls of summoning
Potions
 i - 5 potions of mutation
 m - 7 potions of stabbing
 n - 3 potions of flight
 o - 11 potions of lignification
 s - 4 potions of magic
 z - 2 potions of ambrosia
 I - 2 potions of brilliance
 K - 2 potions of cancellation
 P - 7 potions of curing
Miscellaneous
 F - 2 phantom mirrors
Comestibles
 f - 38 rations


   Skills:
 * Level 23.0(21.5) Fighting
   Level 6.1(17.2) Short Blades
 * Level 25.7(24.4) Long Blades
 * Level 23.0(21.6) Armour
 - Level 16.1(14.9) Dodging
 - Level 15.0(13.7) Shields


You had 26 spell levels left.
You didn't know any spells.
Your spell library contained the following spells:

 Spells                   Type           Power        Failure   Level  Hunger
 Animate Skeleton         Necr           N/A          96%         1    ##.....
 Beastly Appendage        Tmut           #.....       96%         1    ##.....
 Foxfire                  Conj/Fire      #...         96%         1    ##.....
 Pain                     Necr           #...         96%         1    ##.....
 Sandblast                Erth           #.....       96%         1    ##.....
 Shock                    Conj/Air       #...         96%         1    ##.....
 Summon Butterflies       Summ           #.......     96%         1    ##.....
 Summon Small Mammal      Summ           #...         96%         1    ##.....
 Call Imp                 Summ           #.......     99%         2    ###....
 Passwall                 Tmut/Erth      #.......     99%         2    ###....
 Shroud of Golubria       Chrm/Tloc      #.....       99%         2    ###....
 Sticks to Snakes         Tmut           #.......     99%         2    ###....
 Call Canine Familiar     Summ           #.......     100%        3    ####...
 Confusing Touch          Hex            #.......     100%        3    ####...
 Conjure Flame            Conj/Fire      #.......     100%        3    ####...
 Gell's Gravitas          Tloc           #.........   100%        3    ####...
 Ignite Poison            Fire/Tmut/Pois #.......     100%        3    ####...
 Inner Flame              Hex/Fire       #.......     100%        3    ####...
 Lesser Beckoning         Tloc           #.........   100%        3    ####...
 Portal Projectile        Hex/Tloc       #.....       100%        3    ####...
 Recall                   Summ/Tloc      N/A          100%        3    ####...
 Spider Form              Tmut/Pois      #.........   100%        3    ####...
 Static Discharge         Conj/Air       #.......     100%        3    ####...
 Stone Arrow              Conj/Erth      #.....       100%        3    ####...
 Summon Guardian Golem    Hex/Summ       #.......     100%        3    ####...
 Teleport Other           Tloc           #.......     100%        3    ####...
 Vampiric Draining        Necr           #.........   100%        3    ####...
 Airstrike                Air            #.........   100%        4    #####..
 Animate Dead             Necr           N/A          100%        4    #####..
 Cause Fear               Hex            #.........   100%        4    #####..
 Ice Form                 Ice/Tmut       #.......     100%        4    #####..
 Petrify                  Tmut/Erth      #.......     100%        4    #####..
 Sticky Flame             Conj/Fire      #.......     100%        4    #####..
 Summon Ice Beast         Ice/Summ       #.......     100%        4    #####..
 Summon Lightning Spire   Summ/Air       #.......     100%        4    #####..
 Agony                    Necr           #.......     100%        5    ######.
 Blade Hands              Tmut           #.........   100%        5    ######.
 Borgnjor's Vile Clutch   Necr/Erth      #.........   100%        5    ######.
 Fireball                 Conj/Fire      #.........   100%        5    ######.
 Lee's Rapid Deconstruct  Erth           #.........   100%        5    ######.
 Lightning Bolt           Conj/Air       #.........   100%        5    ######.
 Metabolic Englaciation   Hex/Ice        #.........   100%        5    ######.
 Yara's Violent Unravell  Hex/Tmut       #.........   100%        5    ######.
 Conjure Ball Lightning   Conj/Air       #.........   100%        6    #######
 Death Channel            Necr           #.........   100%        6    #######
 Freezing Cloud           Conj/Ice/Air   #.........   100%        6    #######
 Ozocubu's Refrigeration  Ice            #.........   100%        6    #######
 Simulacrum               Ice/Necr       #.........   100%        6    #######
 Starburst                Conj/Fire      #.........   100%        6    #######
 Dragon Form              Tmut           #.........   100%        7    #######
 Malign Gateway           Summ/Tloc      #.........   100%        7    #######
 Ring of Flames           Chrm/Fire      #.........   100%        7    #######
 Summon Hydra             Summ           #.........   100%        7    #######
 Ignition                 Fire           #.........   100%        8    #######
 Dragon's Call            Summ           #.........   100%        9    #######
 Blink                    Tloc           Unusable     N/A         2    N/A
 Swiftness                Chrm/Air       Unusable     N/A         2    N/A
 Passage of Golubria      Tloc           Unusable     N/A         4    N/A

Dungeon Overview and Level Annotations

Branches:
Dungeon (15/15)            Temple (0/1) D:4            Lair (6/6) D:8
  Swamp (4/4) Lair:3        Snake (4/4) Lair:2        Slime (5/5) Lair:6
    Orc (2/2) D:10            Elf (2/3) Orc:2        Vaults (4/5) D:13
  Crypt (1/3) Vaults:2     Depths (5/5) D:15            Zot (5/5) Depths:5
Gauntlet (visited)

Altars:
Dithmenos
Elyvilon
Fedhas
Gozag
Kikubaaqudgha
Makhleb
Okawaru
Qazlal
Uskayaw
Wu Jian
Xom
Yredelemnul
Zin
Beogh
Jiyva

Shops:
D:9 [   D:10 }   Orc:2 (:*%   Elf:1 :   Elf:2 =   Snake:2 *   Snake:4 =}}
Vaults:1 (   Depths:1 *

Portals:
Hell: Depths:1 Depths:2 Depths:3 Depths:4 Depths:5
Abyss: Depths:4
Pandemonium: Depths:1 Depths:3
Ziggurat: Depths:1
Trove: Vaults:4 (give +7 demon whip)

Annotations:
D:9 3 runed translucent doors, ryzol's ghost, journeyman GrEE
Swamp:4 exclusion: oklob plant
Elf:1 exclusions: obsidian statue and orange crystal statue
Depths:1 5 exclusions
Depths:4 exclusion: 2 upstairs
Depths:5 exclusion: 2 upstairs
Zot:4 exclusion: upstairs
Zot:5 exclusion: upstairs


Innate Abilities, Weirdness & Mutations

You cannot be hasted, slowed, berserked, paralysed or teleported.
You can dig through walls and to a lower floor.
Your four strong arms can wield two-handed weapons with a shield.
You have a pair of large antennae on your head. (SInv)
You have sharp fingernails.
You are agile. (Dex +2)
You possess an exceptional clarity of mind.
You are frail. (-10% HP)


Message History

You dig through the rock wall.
You dig through the rock wall.
You dig through the rock wall.
You retract your mandibles.
You extend your mandibles.
You dig through the rock wall.
You retract your mandibles.
You extend your mandibles.
You dig through the rock wall.
You retract your mandibles.
You extend your mandibles.
You dig through the rock wall.
You dig through the rock wall.
You dig through the rock wall.
You dig through the rock wall.
You dig through the rock wall.
You retract your mandibles.
An Orb Guardian comes into view.
There is a staircase leading out of the dungeon here.
You have escaped!

..........############ #.#
.###............♣....###.# .#
#..#...#.♣..♣.P....##.# .#
#..#..#.P.P...♣.....#.# ^#
#.........P.....P.....# .#
####..♣P....P.P..P.♣..# .#
#........P.....P...♣.#
.####.##.P.♣.........P...#
#.....##.♣..P...@...P..P.#
#.##..##.......X.....P...#
#.#..........P.....P.P...#####
..###.......P..P.P...♣.......#
.....###.♣...♣...............#
###...(....♣..♣....♣.♣.......#
......###.......P.P..♣.......#
.()...# #..............#.....#
......# #[#..#........##.....#


You could see an Orb Guardian.

Vanquished Creatures
  the Royal Jelly (Slime:5)
  3 orbs of fire (Zot:5)
  Mennas (Depths:5)
  2 ancient liches
  5 Killer Klowns (Zot:5)
  Vashnia (Snake:3)
  Saint Roka (Vaults:1)
  7 golden dragons
  2 bone dragons
  An electric golem (Zot:5)
  11 tentacled monstrosities
  Rupert (D:13)
  An Ice Fiend (D:15)
  23 Orb Guardians
  17 acid blobs
  2 liches
  A quicksilver dragon (Zot:1)
  2 Executioners
  5 death cobs
  3 sphinxes
  2 tengu reavers
  2 shadow dragons
  2 thorn hunters (Swamp:4)
  4 storm dragons
  Donald (Vaults:1)
  6 fire giants
  5 nagarajas
  9 azure jellies
  3 draconian knights
  2 draconian monks (Zot:5)
  6 frost giants
  A balrug (D:15)
  2 iron dragons (Depths:3)
  Aizul (Vaults:1)
  2 orc warlords
  7 vault wardens
  4 draconian scorchers
  A ghost moth (Zot:5)
  9 ironheart preservers
  2 deep elf elementalists (Elf:1)
  2 deep elf sorcerers
  A ghoul (Vaults:2)
  23 very ugly things
  4 spriggan defenders
  4 draconian shifters
  3 draconian annihilators
  21 stone giants
  A reaper (D:15)
  A war gargoyle (Vaults:3)
  A vampire knight (Depths:2)
  6 green draconians
  4 black draconians
  Azrael (D:13)
  3 deep elf demonologists
  11 red draconians
  5 yellow draconians
  Nessos (D:13)
  6 purple draconians
  A minotaur (Gauntlet)
  5 white draconians
  2 crystal guardians
  14 ettins
  8 death oozes
  2 deep elf high priests
  Josephine (D:13)
  2 blizzard demons
  16 yaktaur captains
  2 deep elf death magi
  10 ogre magi
  8 fire dragons
  9 great orbs of eyes
  9 ice dragons
  A merfolk impaler (Depths:2)
  8 vault guards
  6 naga warriors
  4 ghost crabs
  4 catoblepae
  Harold (D:9)
  An ice dragon (shapeshifter) (Vaults:4)
  3 rakshasas
  A spriggan air mage (Depths:3)
  A hell beast (Zot:4)
  A death knight (D:13)
  3 shambling mangroves
  8 anacondas
  13 hydras
  15 centaur warriors
  5 tengu warriors
  28 dancing weapons
  9 alligators
  44 two-headed ogres
  2 deep troll earth magi
  7 deep troll shamans
  5 orc high priests
  8 shock serpents
  A spriggan berserker (Depths:5)
  A vampire mage (Depths:2)
  19 naga sharpshooters
  16 deep elf knights
  Sonja (Orc:2)
  A wretched star (Gauntlet)
  2 sun demons (D:15)
  7 hell knights (Depths:4)
  2 salamander mystics
  3 iron trolls
  An entropy weaver zombie (Vaults:1)
  2 unseen horrors
  6 shadow wraiths
  5 flayed ghosts
  2 skeletal warriors
  A fire crab (shapeshifter) (D:15)
  A sea snake (shapeshifter) (Depths:2)
  8 sea snakes
  3 wizards
  An orange crystal statue (Zot:5)
  A spectral hydra (Swamp:4)
  A deep troll (shapeshifter) (Depths:3)
  4 swamp dragons
  6 naga ritualists
  12 deep trolls
  8 deep elf archers
  6 glowing orange brains
  A glowing orange brain (shapeshifter) (Depths:1)
  3 phantasmal warriors
  A lindwurm (shapeshifter) (Depths:5)
  2 lindwurms
  5 harpies
  4 necromancers
  15 ironbrand convokers
  Pikel (D:6)
  21 orc knights
  A mana viper (shapeshifter) (Depths:3)
  9 mana vipers
  4 wolf spiders
  7 orc sorcerers
  50 deep elf magi
  64 ugly things
  2 orb spiders (shapeshifter)
  12 salamanders
  A fire giant zombie (Vaults:1)
  3 manticores
  2 shining eyes
  13 moths of wrath
  38 black mambas
  6 cyclopes
  A cyclops (shapeshifter) (Vaults:1)
  A guardian serpent (Snake:1)
  An elephant (shapeshifter) (Vaults:2)
  Maurice (D:8)
  10 vault sentinels
  3 molten gargoyles (Lair:6)
  27 naga magi
  A black mamba (shapeshifter) (Gauntlet)
  Psyche (D:8)
  Maggie (D:6)
  13 spiny frogs
  A gargoyle (D:15)
  An efreet (D:15)
  A storm dragon simulacrum (Vaults:2)
  44 yaktaurs
  A human zombie (Vaults:1)
  7 rime drakes
  A kobold demonologist (Elf:1)
  9 komodo dragons
  6 swamp worm zombies (Swamp:4)
  An entropy weaver simulacrum (Vaults:1)
  3 freezing wraiths
  An ice devil (Depths:1)
  3 red devils
  A yaktaur (shapeshifter) (Gauntlet)
  2 komodo dragons (shapeshifter)
  3 tengu conjurers
  A hydra zombie (Swamp:4)
  17 hornets
  12 trolls
  11 blink frogs
  11 bog bodies
  A spectral swamp dragon (Swamp:4)
  9 tyrant leeches
  101 slime creatures
  6 hippogriffs
  7 dream sheep (Lair:5)
  A centaur simulacrum (D:14)
  2 alligator zombies (Swamp:4)
  10 wyverns
  Sigmund (D:6)
  3 air elementals
  5 flying skulls (Gauntlet)
  6 shadows
  A vampire (D:14)
  A water elemental (Depths:2)
  32 yaks
  5 fire elementals
  2 small abominations (Gauntlet)
  9 spriggans
  6 wraiths
  A basilisk (shapeshifter) (D:15)
  8 basilisks
  A hog (shapeshifter) (Vaults:4)
  A golden eye (shapeshifter) (D:15)
  2 humans (D:8)
  4 hungry ghosts
  8 golden eyes
  10 swamp worms
  17 vampire mosquitoes
  Menkaure (D:5)
  A harpy simulacrum (D:14)
  14 wargs
  17 insubstantial wisps
  A deep troll zombie (Vaults:1)
  39 nagas
  2 soldier ants (D:12)
  2 acid dragons
  A soldier ant (shapeshifter) (D:13)
  15 porcupines
  9 hell hounds
  An ogre skeleton (Vaults:1)
  9 water moccasins
  2 floating eyes (Slime:5)
  4 sky beasts
  11 swamp drakes
  4 black bears
  63 orc warriors
  2 slaves
  A necrophage (D:13)
  A black bear (shapeshifter) (D:15)
  2 hornet zombies
  9 phantoms
  3 swamp dragon zombies (Swamp:4)
  3 ice beasts
  3 ettin simulacra (Depths:3)
  6 eyes of draining
  41 ogres
  4 wolves (Lair:2)
  15 centaurs
  A tengu (shapeshifter) (Vaults:3)
  5 boggarts
  11 crocodiles
  3 big kobolds
  16 bullfrogs
  6 earth elementals
  A gnoll sergeant (D:13)
  2 wyvern skeletons
  3 scorpions
  2 human simulacra (Vaults:1)
  15 killer bees
  A wight (D:10)
  8 howler monkeys
  3 electric eels (Snake:2)
  2 bullfrog zombies
  5 lava snakes (Lair:6)
  7 crimson imps
  2 centaur zombies
  8 hounds
  A jelly (D:5)
  Crazy Yiuf (D:6)
  3 bullfrog skeletons
  35 orc priests
  11 centaur skeletons
  An iron imp (Depths:5)
  Terence (D:2)
  4 iguanas
  25 orc wizards
  A spectral swamp drake (Swamp:4)
  11 worker ants
  A hound zombie (D:7)
  A hound skeleton (D:6)
  A worker ant zombie (D:8)
  Robin (D:2)
  3 gnolls (D:13)
  16 adders
  4 shadow imps
  12 white imps (Lair:6)
  2 oozes
  4 worms (D:2)
  2 dart slugs
  7 leopard geckos
  151 orcs
  3 ball pythons
  6 bats
  3 giant cockroaches
  13 goblins
  12 hobgoblins
  4 quokkas
  4 frilled lizards
  A giant cockroach zombie (D:5)
  19 kobolds
  A quokka zombie (D:5)
  6 rats
2127 creatures vanquished.

Vanquished Creatures (collateral kills)
  An acid blob (Slime:5)
  A white draconian (Zot:5)
2 creatures vanquished.

Vanquished Creatures (others)
  A tentacled monstrosity (Zot:2)
  A draconian annihilator (Zot:2)
  A red draconian (Zot:2)
  A fire dragon (Depths:4)
  A deep elf mage (Elf:1)
  A tyrant leech (Swamp:1)
  A water elemental (Elf:2)
  A naga (Snake:4)
  6 insubstantial wisps (Swamp:4)
  A sky beast (D:15)
  An orc wizard (Vaults:1)
  A hound zombie (D:6)
  A gnoll (D:5)
  An adder (D:5)
  4 orcs
  2 giant cockroaches (D:5)
  3 briar patches (Swamp:4)
  6 fungi
  10 plants
44 creatures vanquished.

Grand Total: 2173 creatures vanquished

Notes
Turn   | Place    | Note
-------+----------+-------------------------------------------
     0 | D:1      | HungrySpirit the Formicid Fighter began the quest for the
                  | Orb.
     0 | D:1      | Reached XP level 1. HP: 18/18 MP: 1/1
    71 | D:1      | Reached XP level 2. HP: 24/24 MP: 2/2
   372 | D:1      | Reached XP level 3. HP: 14/29 MP: 3/3
   876 | D:2      | Noticed Terence
   891 | D:2      | Killed Terence
   891 | D:2      | Reached skill level 3 in Long Blades
   891 | D:2      | Reached XP level 4. HP: 27/37 MP: 4/4
  1503 | D:2      | Reached XP level 5. HP: 40/42 MP: 5/5
  1517 | D:2      | Found an ornate altar of the Wu Jian Council.
  1521 | D:2      | Noticed Robin
  1555 | D:2      | Killed Robin
  1816 | D:2      | Reached skill level 4 in Long Blades
  2684 | D:3      | Found a hide-covered altar of Uskayaw.
  2823 | D:3      | Found a shadowy altar of Dithmenos.
  3200 | D:3      | Found a faded altar of an unknown god.
  3300 | D:3      | Found a glowing silver altar of Zin.
  3301 | D:3      | Noticed an angel
  3407 | D:4      | Found a basalt altar of Yredelemnul.
  3425 | D:4      | Noticed an ogre
  3438 | D:4      | Killed an ogre
  3438 | D:4      | Reached XP level 6. HP: 9/48 MP: 6/6
  3848 | D:4      | Found a white marble altar of Elyvilon.
  3899 | D:4      | Found a staircase to the Ecumenical Temple.
  4152 | D:5      | Entered Level 5 of the Dungeon
  4179 | D:5      | Reached XP level 7. HP: 50/55 MP: 7/7
  4231 | D:5      | Reached skill level 1 in Short Blades
  4231 | D:5      | Reached skill level 5 in Long Blades
  4231 | D:5      | Reached skill level 5 in Armour
  4345 | D:5      | Found a shimmering altar of Xom.
  4651 | D:5      | Reached XP level 8. HP: 35/61 MP: 8/8
  4748 | D:5      | Reached skill level 5 in Shields
  4991 | D:5      | Reached skill level 5 in Fighting
  5233 | D:5      | Noticed Menkaure
  5239 | D:5      | Killed Menkaure
  5811 | D:6      | Noticed Pikel
  6141 | D:6      | Noticed Sigmund
  6153 | D:6      | Killed Sigmund
  6176 | D:6      | Found a blossoming altar of Fedhas.
  6387 | D:6      | Killed Pikel
  6387 | D:6      | Reached skill level 5 in Short Blades
  6387 | D:6      | Reached skill level 6 in Long Blades
  6387 | D:6      | Reached XP level 9. HP: 69/69 MP: 9/9
  6631 | D:6      | Found a runed translucent door.
  6632 | D:6      | Noticed Crazy Yiuf
  6686 | D:6      | Noticed Maggie
  6711 | D:6      | Killed Maggie
  7196 | D:6      | Killed Crazy Yiuf
  7323 | D:7      | Reached skill level 7 in Long Blades
  7502 | D:7      | Reached XP level 10. HP: 77/77 MP: 10/10
  7811 | D:8      | Found a staircase to the Lair.
  7812 | D:8      | Noticed a komodo dragon
  7829 | D:8      | Killed a komodo dragon
  7875 | D:8      | Reached skill level 8 in Long Blades
  7958 | D:8      | Found an ancient bone altar of Kikubaaqudgha.
  8021 | D:8      | Noticed Psyche
  8036 | D:8      | Killed Psyche
  8271 | D:8      | Found a stormy altar of Qazlal.
  8340 | D:8      | Noticed Maurice
  8359 | D:8      | Killed Maurice
  8457 | D:8      | Reached skill level 9 in Long Blades
  8619 | D:8      | Found an iron altar of Okawaru.
  8905 | D:9      | Reached XP level 11. HP: 81/86 MP: 11/11
  8964 | D:9      | Found a runed translucent gate.
  8964 | D:9      | Found a runed translucent gate.
  8964 | D:9      | Found a runed translucent gate.
  8965 | D:9      | Identified the +5 dagger "Ceoh" {pain, rC- SInv Stlth+}
  8965 | D:9      | Noticed ryzol's ghost (journeyman GrEE)
  8988 | D:9      | Reached skill level 1 in Dodging
  9101 | D:9      | Found Lafer's Armour Shoppe.
  9325 | D:9      | Found an opulent altar of Gozag.
  9339 | D:9      | Noticed Harold
  9345 | D:9      | Killed Harold
  9345 | D:9      | Reached skill level 10 in Long Blades
  9607 | D:9      | Found a burning altar of Makhleb.
 10263 | D:10     | Entered Level 10 of the Dungeon
 10397 | D:10     | Found Uwirot's Gadget Emporium.
 11127 | D:10     | Reached XP level 12. HP: 95/95 MP: 12/12
 11136 | D:10     | Found a staircase to the Orcish Mines.
 11584 | Lair:1   | Entered Level 1 of the Lair of Beasts
 12000 | Lair:1   | Reached skill level 11 in Long Blades
 13251 | Lair:2   | Found a staircase to the Snake Pit.
 13526 | Lair:2   | Noticed a six-headed hydra
 13531 | Lair:2   | Killed a six-headed hydra
 13531 | Lair:2   | Reached skill level 10 in Armour
 13590 | Lair:2   | Noticed a four-headed hydra
 13590 | Lair:2   | Noticed a five-headed hydra
 13613 | Lair:2   | Killed a five-headed hydra
 13645 | Lair:2   | Killed a four-headed hydra
 14507 | Lair:3   | Reached skill level 10 in Fighting
 14553 | Lair:3   | Reached XP level 13. HP: 81/103 MP: 13/13
 14564 | Lair:3   | Reached skill level 12 in Long Blades
 14564 | Lair:3   | Reached skill level 5 in Dodging
 14728 | Lair:3   | Reached skill level 10 in Shields
 14743 | Lair:3   | Noticed a catoblepas
 14771 | Lair:3   | Killed a catoblepas
 14902 | Lair:3   | Found a staircase to the Swamp.
 15571 | Lair:4   | Noticed a seven-headed hydra
 15599 | Lair:4   | Killed a seven-headed hydra
 16188 | Lair:4   | Noticed a six-headed hydra
 16390 | Orc:1    | Entered Level 1 of the Orcish Mines
 16520 | Orc:2    | Entered Level 2 of the Orcish Mines
 17133 | Orc:1    | Reached skill level 13 in Long Blades
 17242 | Orc:1    | Noticed an orc warlord
 17288 | Orc:1    | Killed an orc warlord
 18314 | Orc:2    | Reached XP level 14. HP: 113/113 MP: 14/14
 18444 | Orc:2    | Found a staircase to the Elven Halls.
 18520 | Orc:2    | Noticed Sonja
 18536 | Orc:2    | Killed Sonja
 18834 | Orc:2    | Noticed an orc warlord
 18866 | Orc:2    | Killed an orc warlord
 19006 | Orc:2    | Found Yxzyt's Book Shoppe.
 19640 | Orc:2    | Found a roughly hewn altar of Beogh.
 19869 | Orc:2    | Found Doyloire's Weapon Emporium.
 20060 | Orc:2    | Found a roughly hewn altar of Beogh.
 20316 | Orc:2    | Found Xecil's Food Boutique.
 20327 | Orc:2    | Found Kebel's General Store.
 20361 | Orc:2    | Bought a scroll of identify for 32 gold pieces
 20714 | D:9      | Bought a +4 chain mail of fire resistance for 409 gold
                  | pieces
 20973 | D:11     | Reached skill level 14 in Long Blades
 22310 | D:13     | Noticed Nessos
 22317 | D:13     | Killed Nessos
 22348 | D:13     | Noticed Rupert
 22374 | D:13     | Killed Rupert
 22391 | D:13     | Reached XP level 15. HP: 106/120 MP: 15/15
 22495 | D:13     | Got a scorched long sword
 22513 | D:13     | Found a gate leading to a gauntlet.
 22522 | Gauntlet | Entered a Gauntlet
 22522 | Gauntlet | Found a transporter.
 22523 | Gauntlet | Identified the +5 long sword "Doovot" {vorpal, Dex+3} (You
                  | found it on level 13 of the Dungeon)
 22531 | Gauntlet | Found a transporter.
 22533 | Gauntlet | Found a transporter.
 22535 | Gauntlet | Found a transporter.
 22550 | Gauntlet | Found a transporter.
 22565 | Gauntlet | Found a transporter.
 22570 | Gauntlet | Found a transporter.
 22585 | Gauntlet | Found a transporter.
 22604 | Gauntlet | Found a transporter.
 22619 | Gauntlet | Found a transporter.
 22628 | Gauntlet | Found a transporter.
 22640 | Gauntlet | Found a transporter.
 22652 | Gauntlet | Found a transporter.
 22671 | Gauntlet | Found a transporter.
 22686 | Gauntlet | Found a transporter.
 22688 | Gauntlet | Found a transporter.
 22715 | Gauntlet | Found a transporter.
 22717 | Gauntlet | Found a transporter.
 22851 | Gauntlet | Got a masterwork cloak
 22982 | Gauntlet | Identified the cursed -6 cloak "Annococ" {rC+ MR+ Str+3
                  | Dex+3} (You found it in a Gauntlet)
 23026 | Gauntlet | Identified the Almanac of Summoning
 23415 | D:13     | Noticed Azrael
 23448 | D:13     | Killed Azrael
 23652 | D:13     | Noticed Josephine
 23671 | D:13     | Killed Josephine
 23676 | D:13     | Reached skill level 15 in Long Blades
 23700 | D:13     | Found a gate to the Vaults.
 24373 | Lair:4   | You fall into a shaft and drop 2 floors!
 24373 | Lair:6   | Entered Level 6 of the Lair of Beasts
 25640 | Lair:6   | Found a viscous altar of Jiyva.
 25640 | Lair:6   | Found a staircase to the Slime Pits.
 26836 | Lair:6   | Found a large runed translucent door.
 26836 | Lair:6   | Found a large runed translucent door.
 26944 | Lair:6   | Reached XP level 16. HP: 108/129 MP: 16/16
 27802 | Snake:1  | Entered Level 1 of the Snake Pit
 28561 | Snake:1  | Reached skill level 16 in Long Blades
 30631 | Snake:2  | Noticed a nagaraja
 30647 | Snake:2  | Killed a nagaraja
 31419 | Snake:2  | Found Gklimife's Goods Gallery.
 31429 | Snake:2  | Bought +0 gold dragon scales for 1120 gold pieces
 31859 | Snake:3  | Noticed Vashnia
 31897 | Snake:3  | Killed Vashnia
 31897 | Snake:3  | Reached XP level 17. HP: 122/137 MP: 17/17
 31914 | Snake:3  | Found a flickering gateway to a bazaar.
 31922 | Bazaar   | Entered a bazaar
 31940 | Bazaar   | Found Saurphan's Magic Scroll Emporium.
 31940 | Bazaar   | Found Kizenneck's Jewellery Shoppe.
 31963 | Bazaar   | Found Vuino's Distillery.
 31963 | Bazaar   | Found Mougu's Armour Shoppe.
 31984 | Bazaar   | Found Iwuicsa's General Store.
 31984 | Bazaar   | Found Fogriuxi's Gadget Shoppe.
 31995 | Bazaar   | Bought a potion of heal wounds for 60 gold pieces
 32006 | Bazaar   | Found Biloxt's Book Shoppe.
 32087 | Bazaar   | Bought a scroll of enchant weapon for 82 gold pieces
 32087 | Bazaar   | Bought a scroll of enchant weapon for 82 gold pieces
 32087 | Bazaar   | Bought a scroll of enchant armour for 82 gold pieces
 32087 | Bazaar   | Bought a scroll of magic mapping for 38 gold pieces
 33231 | Snake:4  | Entered Level 4 of the Snake Pit
 33574 | Snake:4  | Found Rifylo's Gadget Emporium.
 33575 | Snake:4  | Found Pighol's Jewellery Shop.
 33576 | Snake:4  | Found Ostroe Utao's Gadget Emporium.
 33691 | Snake:4  | Identified the cursed +1 chain mail of the Everdark {+Fly
                  | Str+8 Int+2 Stlth-}
 33707 | Snake:4  | Reached skill level 10 in Dodging
 33872 | Snake:4  | Reached skill level 17 in Long Blades
 35797 | Snake:4  | Reached XP level 18. HP: 147/147 MP: 18/18
 36414 | Snake:4  | Reached skill level 15 in Shields
 36459 | Snake:4  | Got a serpentine rune of Zot
 36759 | Swamp:1  | Entered Level 1 of the Swamp
 38187 | Swamp:1  | Reached skill level 18 in Long Blades
 39838 | Swamp:4  | Entered Level 4 of the Swamp
 40419 | Swamp:4  | Reached skill level 15 in Fighting
 43352 | D:14     | Reached skill level 19 in Long Blades
 43371 | D:14     | Reached XP level 19. HP: 154/154 MP: 19/19
 43576 | D:14     | Found an ancient bone altar of Kikubaaqudgha.
 43698 | D:14     | Identified the Catalogue of Poison and Stolen Souls
 43879 | D:15     | Entered Level 15 of the Dungeon
 44591 | D:15     | Reached skill level 15 in Armour
 44817 | D:15     | Found a staircase to the Depths.
 45078 | Vaults:1 | Entered Level 1 of the Vaults
 45482 | Vaults:1 | Reached skill level 20 in Long Blades
 46618 | Vaults:1 | Identified a scroll of acquirement
 46931 | Vaults:1 | Noticed Donald
 46953 | Vaults:1 | Killed Donald
 46953 | Vaults:1 | Reached XP level 20. HP: 161/161 MP: 20/20
 47030 | Vaults:1 | Noticed Aizul
 47072 | Vaults:1 | Killed Aizul
 47291 | Vaults:1 | Noticed Saint Roka
 47348 | Vaults:1 | Killed Saint Roka
 47636 | Vaults:1 | Reached skill level 21 in Long Blades
 47649 | Vaults:1 | Found Ynashro's Antique Weapon Shoppe.
 48106 | Vaults:2 | Found a staircase to the Crypt.
 48178 | Vaults:2 | Noticed an Ice Fiend
 48206 | Crypt:1  | Entered Level 1 of the Crypt
 48435 | Vaults:2 | Noticed a Tzitzimitl
 51154 | Vaults:3 | Reached XP level 21. HP: 134/170 MP: 21/21
 53010 | Vaults:4 | Noticed a Tzitzimitl
 53570 | Vaults:4 | Found a portal to a secret trove of treasure.
 54821 | Vaults:4 | Reached skill level 22 in Long Blades
 54860 | Vaults:4 | Reached XP level 22. HP: 117/180 MP: 22/22
 55841 | Snake:4  | Bought the ring "Nicuari" {rCorr Slay+3 Stlth+} for 593
                  | gold pieces
 56187 | Elf:1    | Entered Level 1 of the Elven Halls
 56500 | Elf:1    | Found Raranug's Book Emporium.
 58059 | Elf:2    | Found Sevurynn's Jewellery Emporium.
 58439 | Elf:2    | Found a large runed translucent door.
 58439 | Elf:2    | Found a large runed translucent door.
 58468 | Elf:2    | Found a large runed translucent door.
 58468 | Elf:2    | Found a large runed translucent door.
 59705 | Depths:1 | Entered Level 1 of the Depths
 59927 | Depths:1 | Found a one-way gate leading to the halls of Pandemonium.
 60155 | Depths:1 | Found a gateway to a ziggurat.
 60475 | Depths:1 | Reached XP level 23. HP: 156/189 MP: 23/23
 60560 | Depths:1 | You fall into a shaft and drop 1 floor!
 61117 | Depths:1 | Found a gateway to Hell.
 61256 | Depths:1 | Found Etikuom's Serpentskin Sales.
 62228 | Depths:2 | Noticed a golden dragon
 62253 | Depths:2 | Killed a golden dragon
 63334 | Depths:2 | Reached skill level 23 in Long Blades
 64480 | Depths:4 | Reached XP level 24. HP: 196/200 MP: 23/23
 64923 | Depths:4 | Found a one-way gate to the infinite horrors of the Abyss.
 65888 | Depths:3 | Reached skill level 15 in Dodging
 67229 | Depths:5 | Entered Level 5 of the Depths
 68139 | Depths:5 | Reached XP level 25. HP: 198/209 MP: 23/23
 68308 | Depths:5 | Found a gate to the Realm of Zot.
 69131 | Depths:5 | Noticed Mennas
 69212 | Depths:5 | Killed Mennas
 71715 | Swamp:4  | Got a decaying rune of Zot
 72153 | Slime:1  | Entered Level 1 of the Pits of Slime
 72163 | Slime:1  | Reached skill level 24 in Long Blades
 72457 | Slime:3  | Gained mutation: Scrolls take you a little longer to read.
                  | [a shining eye]
 72458 | Slime:3  | Gained mutation: You are weak. (Str -2) [a shining eye]
 72464 | Slime:3  | Lost mutation: Scrolls take you a little longer to read.
                  | [potion of mutation]
 72464 | Slime:3  | Lost mutation: You are weak. (Str -2) [potion of mutation]
 72464 | Slime:3  | Gained mutation: You have sharp fingernails. [potion of
                  | mutation]
 72464 | Slime:3  | Gained mutation: You have large cloven feet. [potion of
                  | mutation]
 72916 | Slime:5  | Entered Level 5 of the Pits of Slime
 74324 | Slime:5  | Found a viscous altar of Jiyva.
 74347 | Slime:5  | Noticed the Royal Jelly
 74382 | Slime:5  | Found the +7 lajatang of Order {silver, rMut}
 74493 | Slime:5  | Killed the Royal Jelly
 74493 | Slime:5  | Reached XP level 26. HP: 164/220 MP: 23/23
 75259 | Slime:5  | Identified the Incunabulum of Floating Dislocation
 75282 | Slime:5  | Got a bloodstained buckler
 75283 | Slime:5  | Identified the -1 buckler of Limitation {rN+ Dex+3 Slay-2}
                  | (You found it on level 5 of the Pits of Slime)
 75332 | Slime:5  | Identified the Collected Works on Aerial Companions
 75335 | Slime:5  | Got a slimy rune of Zot
 76062 | Zot:1    | Entered Level 1 of the Realm of Zot
 77566 | Zot:5    | Entered Level 5 of the Realm of Zot
 78211 | Zot:5    | Noticed an orb of fire
 78322 | Zot:5    | Gained mutation: Scrolls take you a little longer to read.
                  | [an orb of fire]
 78325 | Zot:5    | Gained mutation: You are frail. (-10% HP) [an orb of fire]
 78330 | Zot:5    | Gained mutation: Armour fits poorly on your strangely
                  | shaped body. [an orb of fire]
 78338 | Zot:5    | Gained mutation: You possess an exceptional clarity of
                  | mind. [an orb of fire]
 78345 | Zot:5    | Gained mutation: You are very frail. (-20% HP) [an orb of
                  | fire]
 78347 | Zot:5    | Gained mutation: You have an increased reservoir of magic.
                  | (+10% MP) [an orb of fire]
 78355 | Zot:5    | HP: 8/179 [orb of fire/fireball (16)]
 78359 | Zot:5    | Killed an orb of fire
 78808 | Zot:5    | Lost mutation: You are very frail. (-20% HP) [potion of
                  | mutation]
 78808 | Zot:5    | Lost mutation: Armour fits poorly on your strangely shaped
                  | body. [potion of mutation]
 78808 | Zot:5    | Gained mutation: Scrolls take you longer to read. [potion
                  | of mutation]
 78808 | Zot:5    | Gained mutation: You expend magic power (3 MP) to
                  | strengthen your wands. [potion of mutation]
 78808 | Zot:5    | Gained mutation: You are agile. (Dex +2) [potion of
                  | mutation]
 78816 | Zot:5    | Reached XP level 27. HP: 188/207 MP: 25/25
 79707 | Zot:1    | Reached skill level 25 in Long Blades
 81753 | Zot:5    | Noticed an ancient lich
 81784 | Zot:5    | Killed an ancient lich
 81818 | Zot:5    | Noticed an orb of fire
 82202 | Zot:5    | Noticed an orb of fire
 82209 | Zot:5    | Gained mutation: You are very frail. (-20% HP) [an orb of
                  | fire]
 82210 | Zot:5    | Gained mutation: You are weak. (Str -2) [an orb of fire]
 82216 | Zot:5    | Killed an orb of fire
 82218 | Zot:5    | Gained mutation: You are dopey. (Int -2) [an orb of fire]
 82223 | Zot:5    | Lost mutation: You have an increased reservoir of magic.
                  | (+10% MP) [an orb of fire]
 82230 | Zot:5    | Killed an orb of fire
 82233 | Zot:5    | Noticed a Killer Klown
 82279 | Zot:5    | Killed a Killer Klown
 82549 | Zot:5    | Lost mutation: You are weak. (Str -2) [potion of mutation]
 82549 | Zot:5    | Lost mutation: You expend magic power (3 MP) to strengthen
                  | your wands. [potion of mutation]
 82549 | Zot:5    | Lost mutation: Scrolls take you longer to read. [potion of
                  | mutation]
 82549 | Zot:5    | Lost mutation: You have large cloven feet. [potion of
                  | mutation]
 82549 | Zot:5    | Lost mutation: You are dopey. (Int -2) [potion of mutation]
 82549 | Zot:5    | Gained mutation: Your muscles are strong. (Str +2) [potion
                  | of mutation]
 82550 | Zot:5    | Lost mutation: Scrolls take you a little longer to read.
                  | [potion of mutation]
 82550 | Zot:5    | Lost mutation: Your muscles are strong. (Str +2) [potion of
                  | mutation]
 82550 | Zot:5    | Lost mutation: You are very frail. (-20% HP) [potion of
                  | mutation]
 82550 | Zot:5    | Lost mutation: You possess an exceptional clarity of mind.
                  | [potion of mutation]
 82550 | Zot:5    | Lost mutation: You have sharp fingernails. [potion of
                  | mutation]
 82550 | Zot:5    | Gained mutation: You possess an exceptional clarity of
                  | mind. [potion of mutation]
 82550 | Zot:5    | Gained mutation: You have sharp fingernails. [potion of
                  | mutation]
 82625 | Zot:5    | Noticed a Killer Klown
 82762 | Zot:5    | Killed a Killer Klown
 84022 | Elf:2    | Bought the ring "Jeovigups" {rElec rC- Int+6 Slay+3} for
                  | 1327 gold pieces
 84672 | Zot:5    | Noticed a Killer Klown
 84706 | Zot:5    | Killed a Killer Klown
 84886 | Zot:5    | Noticed a Killer Klown
 84943 | Zot:5    | Killed a Killer Klown
 85165 | Zot:5    | Noticed a Killer Klown
 85198 | Zot:5    | Killed a Killer Klown
 85474 | Zot:5    | Got the Orb of Zot
 85741 | Depths:2 | Noticed Xetiysm the pandemonium lord
 85842 | D:15     | Noticed an ancient lich
 85873 | D:15     | Killed an ancient lich
 86131 | D:2      | Noticed Laarchewk the pandemonium lord
 86168 | D:$      | Escaped with the Orb!

Illustrated notes

Levels and vault maps discovered:
D:1:      wander_arrival_fairy_ring, layout_basic, minmay_misc_feat_rows
D:2:      layout_rooms, overflow_temple_1_default, serial_rivers,
          chequers_serial_rivers_micro_d, chequers_serial_rivers_large_b,
          chequers_serial_rivers_room_a, chequers_serial_rivers_large_a,
          chequers_serial_rivers_marsh, minmay_misc_feat_roman, uniq_terence,
          uniq_robin
D:3:      layout_loops_ring, zin_angel, old_standard_altar,
          chequers_ecumenical_altar_lobes,
          nicolae_dithmenos_through_a_glass_darkly
D:4:      layout_basic, yredelemnul_altar_generic, temple_fountains,
          first_ration, elyvilon_altar_3
D:5:      layout_basic, xom_confusion_cloud, uniq_menkaure
D:6:      layout_rooms, marbit_many_paths, grunt_ministairs_3, uniq_pikel,
          uniq_sigmund, uniq_maggie, uniq_crazy_yiuf_cottage
D:7:      layout_rooms
D:8:      layout_cave_pods, lemuel_doored_altar, lemuel_crystal_altar,
          okawaru_humans, david_lair_shrubbed, uniq_psyche, uniq_maurice
D:9:      layout_irregular_city, lemuel_crystal_altar,
          overflow_temple_1_default, serial_shops, shop_statue,
          gammafunk_ghost_nasty_kobolds, uniq_harold
D:10:     layout_roguey, erik_orc_1, serial_shops, nicolae_shop_waterfront
D:11:     layout_basic
D:12:     layout_rooms, grunt_ogre_cave
D:13:     layout_roguey, david_vaults_5, gauntlet_entry_generic, uniq_josephine,
          uniq_nessos, uniq_azrael, uniq_rupert
D:14:     layout_irregular_city, basic_altar, kennysheep_crisscross
D:15:     gammafunk_enter_depths_forms, layout_basic, nicolae_sextant,
          drop_trap, chequers_jeans, roderic_three_in_a_row
Lair:1:   layout_layer_cave, grunt_megastairs_1
Lair:2:   layout_cave_shapes, guppyfry_snake_entry_island,
          hangedman_lair_generics_rect, infiniplex_staircase_pool_2
Lair:3:   layout_hall_layers, skrybe_swamp_entry_bodies,
          grunt_forest_large_clearing_hut
Lair:4:   beast_lair_carwin_large_2, layout_long_grid, minmay_lair_drake_nest
Lair:5:   layout_layer_cave, grunt_megastairs_4, lemuel_fruit_fields
Lair:6:   cheibrodos_lair_end_hotspot, layout_long_grid, slime_altar_1,
          portal_ice_cave_entry_imps
Swamp:1:  layout_falls_marsh, serial_swamp_ruin, evilmike_swamp_ruin_rubble_2,
          evilmike_swamp_ruin_house_3
Swamp:2:  layout_falls_marsh, nicolae_swamp_fairy_circle
Swamp:3:  layout_basic_swamp, hangedman_swamp_blocks
Swamp:4:  swamp_pestilence, layout_basic_swamp
Snake:1:  kennysheep_six_static_rooms, layout_onion_interference
Snake:2:  layout_basic, nicolae_alphabet_shops
Snake:3:  layout_layer_cave, serial_shops, bzr_entry_islet, uniq_vashnia
Snake:4:  snake_pit, layout_onion, serial_bayou_shore_a, minmay_shop_grove
Slime:1:  layout_caves
Slime:2:  layout_caves, cheibrodos_slime_lost_civilization_5
Slime:3:  layout_caves
Slime:4:  layout_caves
Slime:5
Orc:1:    layout_caves
Orc:2:    pubby_orc_utopia, uniq_sonja
Elf:1:    eino_elf_arrival_sip, layout_rooms, serial_shops, shop,
          hangedman_elf_disciples, david_greed
Elf:2:    layout_gridlike, serial_shops, shop
Vaults:1: nicolae_vaults_alarming, hangedman_vaults_maws,
          nicolae_vaults_network_s, v_misc_4, nicolae_vaults_specimen_jars,
          nicolae_vaults_ninety_degrees, ontoclasm_vaults_decontamination,
          nicolae_vaults_rhombus_7, vaults_dpeg_hooks, v_misc_1,
          nicolae_vaults_display_case, nicolae_vaults_circle_grid_b,
          layout_vaults_maze_snakey, serial_shops, shop, uniq_donald,
          uniq_aizul, uniq_saint_roka
Vaults:2: v_misc_17, minmay_crypt_entry_simple_corners,
          ontoclasm_vaults_loading_screen, nicolae_vaults_diagonal_hallway_9,
          dpeg_vaults_monster_box, layout_vaults_omnigrid
Vaults:3: vaults_dpeg_ring, hangedman_vaults_stream, ontoclasm_vaults_ligature,
          v_rooms_1, vaults_room_fours, hangedman_vaults_maws, v_alt_pattern_5,
          nicolae_vaults_triangles, v_misc_14, nicolae_vaults_octagons,
          layout_vaults_omnibox
Vaults:4: nicolae_vaults_rhombus_7, nicolae_vaults_shelves_hall,
          nicolae_vaults_little_squares_5, nicolae_vaults_what_the_h, v_rooms_3,
          vaults_mumra_chevron, vaults_room_grid, st_more_cells,
          vaults_room_boxed, vaults_dpeg_diagonal, nicolae_vaults_asterisk,
          layout_vaults_omnicross, enter_trove_3
Crypt:1:  layout_misc_corridors, grunt_crypt_arrival_guarded_gate
Depths:1: layout_basic, enter_ziggurat_d, pf_hell_entry_great_geh,
          kennysheep_pointless_box, rand_demon_pan_entry_7,
          chequers_decorated_corner, guppyfry_shop_venom, grunt_megastairs_3
Depths:2: minmay_the_grid_four_pointed_star [minmay_the_grid_triangle_9x9_steps,
          minmay_the_grid_triangle_9x9_limited_checkers,
          minmay_the_grid_triangle_9x9_zippers_vertical,
          minmay_the_grid_triangle_9x9_swiss_cheese,
          minmay_the_grid_prize_four_corners], layout_gridlike, hell_entry,
          nicolae_water_bricks, infiniplex_staircase_zigzag_3
Depths:3: hangedman_elemental_death_ray, layout_gridville, minmay_hedge_maze,
          pf_coc_iceberg, pan_entry, hangedman_cracks_in_the_wall,
          infiniplex_staircase_pool_lava, firewood_loft
Depths:4: cheibrodos_quadrivalence, layout_basic, grunt_metal_band,
          kennysheep_nub, abyss_entry
Depths:5: grunt_zot_entry_tricorne, layout_cave_shapes, grunt_hell_entry_dis_mu,
          minmay_variable_closet, hangedman_glass_teeth, uniq_mennas
Zot:1:    layout_basic, grunt_ministairs_15, st_stairs_13, bh_zot_lava_cross
Zot:2:    layout_cathedral_of_symmetry, drop_trap, st_stairs_6, nrook_zot_tub
Zot:3:    layout_twisted_circle, grunt_ministairs_9
Zot:4:    layout_concentric_octagons
Zot:5:    layout_cathedral_of_symmetry, nicolae_lava_and_water, st_stairs_13,
          drop_trap

Skill      XL: |  1  2  3  4  5  6  7  8  9 10 11 12 13 14 15 16 17 18 19 20 21 22 23 24 25 26 27 |
---------------+----------------------------------------------------------------------------------+-----
Long Blades    | 3 4 5 6 7 9 10 11 13 14 15 16 17 19 20 21 22 23 24 25 | 25.7
Armour         | 4 5 6 7 8 9 10 11 12 13 14 15 16 17 18 19 20 21 23 | 23.0
Fighting       | 4 6 8 9 10 11 12 13 14 15 16 17 18 19 20 21 23 | 23.0
Shields        | 4 5 7 8 9 10 11 13 14 15 | 15.0
Short Blades   | 2 5 6 |  6.1
Dodging        | 3 4 6 7 8 9 10 11 12 13 14 15 16 | 16.1

Action                   |  1- 3 |  4- 6 |  7- 9 | 10-12 | 13-15 | 16-18 | 19-21 | 22-24 | 25-27 || total
-------------------------+-------+-------+-------+-------+-------+-------+-------+-------+-------++-------
Melee: Long sword        |    72 |   224 |       |       |       |       |       |       |       ||   296
       Short sword       |       |     5 |   220 |       |       |       |       |       |       ||   225
       Scimitar          |       |       |    62 |   623 |  1440 |  1786 |  1368 |       |       ||  5279
       Great sword       |       |       |       |       |       |       |   625 |  1708 |  1290 ||  3623
       Unarmed           |       |       |       |       |       |       |       |       |     2 ||     2
 Abil: Dig               |       |     5 |     6 |    16 |    23 |    38 |     2 |    25 |    52 ||   167
Evoke: Wand              |       |       |       |    15 |     5 |       |       |       |       ||    20
       Phantom mirror    |       |       |       |       |       |       |       |       |     2 ||     2
  Use: Potion            |       |     3 |     2 |     1 |     5 |    12 |     3 |     2 |    20 ||    48
       Scroll            |       |       |     1 |    16 |    17 |    10 |     1 |     4 |    24 ||    73
 Stab: Petrifying        |       |       |       |       |     1 |       |       |       |       ||     1
       Petrified         |       |       |       |       |     1 |       |       |       |       ||     1
       Paralysed         |       |       |       |       |     2 |       |       |       |       ||     2
       Invisible         |       |       |       |       |     4 |     3 |     1 |       |       ||     8
       Distracted        |       |       |       |       |       |       |     1 |     1 |     1 ||     3
  Eat: Chunk             |       |    10 |    10 |    23 |    32 |    21 |    34 |    28 |     3 ||   161
       Ration            |       |     1 |       |     1 |     4 |    11 |     2 |     6 |    21 ||    46
Armor: Scale mail        |    20 |       |       |       |       |       |       |       |       ||    20
       Chain mail        |     9 |   149 |   113 |   226 |   229 |       |       |       |       ||   726
       Swamp dragon scal |       |       |       |       |       |    42 |       |       |       ||    42
       Gold dragon scale |       |       |       |       |       |   322 |   420 |   372 |   508 ||  1622
Dodge: Dodged            |    29 |    81 |    87 |   170 |   266 |   418 |   318 |   263 |   332 ||  1964
Block: Kite shield       |       |       |       |   115 |   825 |  1122 |  1363 |   969 |   885 ||  5279
       Reflection        |       |       |       |     2 |    31 |    91 |   115 |    67 |    27 ||   333
       Rpst.: Long sword |     5 |    33 |       |       |       |       |       |       |       ||    38
       Scimitar          |       |       |     4 |    45 |    79 |    73 |    41 |       |       ||   242
       Great sword       |       |       |       |       |       |       |    26 |    40 |    53 ||   119
